 Dungeon Crawl Stone Soup version 0.17.1-1-g73c8601 (webtiles) character file.

4198 Goblin1989 the Martial Artist (level 10, -2/35 HPs)
             Began as a Vine Stalker Monk on Jan 2, 2016.
             Was a Believer of Elyvilon.
             Slain by a spatial maelstrom (8 damage)
             ... on level 1 of the Abyss.
             The game lasted 00:23:07 (5800 turns).

Goblin1989 the Martial Artist (Vine Stalker Monk)   Turns: 5800, Time: 00:23:08

Health: -2/35      AC:  5    Str: 12      XL:     10   Next: 29%
Magic:  0/9        EV:  7    Int:  6      God:    Elyvilon [**....]
Gold:   404        SH:  9    Dex: 12 (14) Spells: 0 memorised, 9 levels left

rFire  . . .     SeeInvis .       - Unarmed
rCold  . . .     Rnd*Rage +     m - +0 scale mail
rNeg   + . .     SustAt   .     G - +0 shield
rPois  .         Gourm    .     (no helmet)
rElec  .         Spirit   +     y - +0 cloak
rCorr  .         Warding  .     (no gloves)
rMut   .         Rnd*Tele +     (no boots)
MR     +....                    (no amulet)
Stlth  +.........               F - ring of positive energy
                                n - ring of teleportation

@: somewhat resistant to hostile enchantments, very unstealthy
A: fangs 3, berserk 3, blurry vision 3, clumsy 2, deformed body, deterioration
2, dopey 2, frail 3, low mp 3, regeneration 2, screaming 3, spit poison 1,
teleportitis 1, weak 2, magic shield, antimagic bite, no device heal 3, rot
immunity, subdued magic 3, MP-powered wands
a: Spit Poison, Lesser Healing, Heal Other, Divine Protection, Renounce
Religion, Evoke Teleportation


You were on level 1 of the Abyss.
You worshipped Elyvilon.
Elyvilon was pleased with you.
You were very hungry.

You visited 2 branches of the dungeon, and saw 10 of its levels.
You visited the Abyss 1 time.

You collected 404 gold pieces.

Inventory:

Armour
 m - a +0 scale mail (worn)
 y - a +0 cloak (worn)
 G - a +0 shield (worn)
Jewellery
 n - a ring of teleportation (left hand)
 E - the ring "Wejat" {Wiz Int+4}
   (You found it on level 6 of the Dungeon)

   [ring of wizardry]

   It improves your spell success rate.
   It affects your intelligence (+4).
 F - a ring of positive energy (right hand)
Wands
 h - a wand of disintegration (11)
 l - a wand of flame (29)
 x - a wand of digging (2)
 A - a wand of fireball (9)
Scrolls
 e - 6 scrolls of remove curse
 f - 4 scrolls of blinking
 i - 3 scrolls of amnesia {unknown}
 q - 6 scrolls of teleportation
 u - a scroll of fog {unknown}
 v - 2 scrolls of enchant weapon {unknown}
 w - 2 scrolls of fear {unknown}
 z - a scroll of recharging {unknown}
Potions
 a - a potion of cure mutation
 c - a potion of invisibility
 d - a potion of curing
 g - 4 potions of resistance
 j - a potion of lignification
 o - 2 potions of brilliance
 p - a potion of might
 r - 2 potions of haste
 s - 2 potions of berserk rage
 C - a potion of degeneration
Comestibles
 b - 3 bread rations
 k - 2 beef jerkies
 t - 5 meat rations
 B - a slice of pizza


   Skills:
 * Level 5.5 Fighting
 - Level 4.2 Armour
 - Level 2.4 Dodging
 - Level 2.4 Stealth
 + Level 4.8 Shields
 + Level 11.4 Unarmed Combat
 * Level 3.0 Invocations


You had 9 spell levels left.
You didn't know any spells.

Dungeon Overview and Level Annotations

Branches:
Dungeon (9/15)             Temple (1/1) D:7
   Lair: D:8-11         Orc: D:9-12

Altars:
Cheibriados
Dithmenos
Elyvilon
Fedhas
Kikubaaqudgha
Makhleb
Sif Muna
Trog
Vehumet
Xom

Annotations:
D:8 Psyche


Innate Abilities, Weirdness & Mutations

You have razor-sharp teeth.
You heal very quickly.
When hurt, damage is shared between your health and your magic reserves.
Your bite disrupts and absorbs the magic of your enemies.
Potions and wands cannot restore your health.
You are immune to rotting.
You can spit weak poison.
[You have an uncontrollable temper.]
[Scrolls take you much longer to read.]
[You are very clumsy. (Dex -4)]
[Armour fits poorly on your strangely shaped body.]
[Your body often deteriorates upon taking damage.]
[You are very dopey. (Int -4)]
[You are extremely frail (-30% HP).]
[Your magical capacity is extremely low (-30% MP).]
[You frequently scream uncontrollably at your foes.]
[You are occasionally teleported next to monsters.]
[You are very weak. (Str -4)]
[Your spells are much easier to cast, but much less powerful.]
[You expend magic power (3 MP) to strengthen your wands.]


Message History

Ouch! That really hurt!
The spatial maelstrom hits you!
* * * LOW HITPOINT WARNING * * *
Your body deteriorates!
You feel clumsy. Space bends around you.
* * * LOW HITPOINT WARNING * * *
The spatial maelstrom hits you but does no damage.
The orb spider weaves a glowing orb of energy.
The lurking horror explodes!
You feel a surge of unholy energy.
You scream at the spatial vortex!
A spatial vortex comes into view.
The spatial vortex moves out of view.
You block the large abomination's attack.
The orb of destruction hits the spatial maelstrom.
A spatial vortex comes into view.
The ynoxinul gestures.
You block the spatial maelstrom's attack.
The spatial maelstrom hits you!
You die...

## #.# ## *.##
#.# #.##..###
#.# ###.@#...#
# #
#...Xv#..###.#
#.##...5...#.#
.. #..#..#.##
# ...
#.##3§v#..#.#
.#
#.#...55v##. #
....#...#s#.
.# ....
#....#..# #
.###
#....#..##.#


You could see a spatial maelstrom, 2 spatial vortices, a large abomination, an
orb spider, a ynoxinul and 3 ufetubi.

Vanquished Creatures
  Pikel (D:7)
  A troll (D:9)
  Grinder (D:6)
  Sigmund (D:3)
  A wraith (D:8)
  2 ice beasts
  An orc warrior (D:7)
  2 black bears
  3 phantoms
  2 ogres
  2 big kobolds
  A sky beast (D:6)
  5 centaurs
  4 giant frogs (D:6)
  2 scorpions
  3 wights (D:9)
  2 crimson imps
  5 hounds
  A giant frog skeleton (D:6)
  2 jellies
  3 orc priests
  A centaur skeleton (D:6)
  Jessica (D:3)
  6 orc wizards
  2 iguanas (D:7)
  7 worker ants
  2 hound skeletons (D:9)
  4 gnolls (D:3)
  9 adders
  2 oozes
  An adder zombie (D:8)
  A worm (D:6)
  2 giant geckos (D:3)
  15 orcs
  A ball python (D:1)
  11 bats
  8 giant cockroaches
  6 hobgoblins
  2 quokkas
  A giant gecko zombie (D:6)
  5 giant newts
  8 goblins
  2 jackal skeletons
  12 kobolds
  A quokka zombie (D:5)
  7 rats
162 creatures vanquished.

Vanquished Creatures (others)
  4 slaves (D:7)
  A worker ant (D:7)
  A lurking horror (Abyss:1)
6 creatures vanquished.

Grand Total: 168 creatures vanquished

Notes
Turn   | Place    | Note
--------------------------------------------------------------
     0 | D:1      | Goblin1989 the Vine Stalker Monk began the quest for the Orb.
     0 | D:1      | Reached XP level 1. HP: 11/11 MP: 2/2
   224 | D:1      | Reached XP level 2. HP: 16/16 MP: 3/3
   670 | D:2      | Reached skill level 5 in Unarmed Combat
   670 | D:2      | Reached XP level 3. HP: 13/19 MP: 4/4
   725 | D:2      | Found a deep blue altar of Sif Muna.
   734 | D:2      | Found a radiant altar of Vehumet.
   820 | D:2      | Found a bloodstained altar of Trog.
   826 | D:2      | Found a snail-covered altar of Cheibriados.
  1179 | D:3      | Reached XP level 4. HP: 21/23 MP: 5/5
  1256 | D:3      | Noticed Jessica
  1262 | D:3      | Killed Jessica
  1262 | D:3      | Reached skill level 6 in Unarmed Combat
  1262 | D:3      | Reached XP level 5. HP: 25/27 MP: 6/6
  1896 | D:3      | Noticed Sigmund
  1914 | D:3      | Killed Sigmund
  1914 | D:3      | Reached skill level 7 in Unarmed Combat
  1914 | D:3      | Gained mutation: You heal very quickly. [Vine Stalker growth]
  1914 | D:3      | Reached XP level 6. HP: 14/32 MP: 7/7
  2775 | D:5      | Entered Level 5 of the Dungeon
  2776 | D:5      | Found a snail-covered altar of Cheibriados.
  2847 | D:5      | Reached skill level 8 in Unarmed Combat
  2895 | D:5      | Reached XP level 7. HP: 35/35 MP: 8/8
  3242 | D:5      | Reached skill level 9 in Unarmed Combat
  3505 | D:6      | Gained mutation: You have razor-sharp teeth. [Vine Stalker growth]
  3505 | D:6      | Reached XP level 8. HP: 30/39 MP: 9/9
  3540 | D:6      | Got a steaming steel ring
  3564 | D:6      | Identified the ring "Wejat" {Wiz Int+4} (You found it on level 6 of the Dungeon)
  3599 | D:6      | Reached skill level 10 in Unarmed Combat
  3636 | D:6      | Noticed Grinder
  3641 | D:6      | Killed Grinder
  3805 | D:6      | Reached skill level 1 in Armour
  3841 | D:6      | Reached skill level 1 in Shields
  4053 | D:7      | Reached XP level 9. HP: 15/44 MP: 4/10
  4126 | D:7      | Reached skill level 11 in Unarmed Combat
  4222 | D:7      | Gained mutation: You can spit weak poison. [potion of beneficial mutation]
  4680 | D:7      | Noticed Pikel
  4682 | D:7      | Found a staircase to the Ecumenical Temple.
  4693 | D:7      | Killed Pikel
  4701 | Temple   | Entered the Ecumenical Temple
  4718 | Temple   | Became a worshipper of Elyvilon the Healer
  4718 | Temple   | Reached * piety under Elyvilon
  4718 | Temple   | Reached ** piety under Elyvilon
  4905 | D:8      | Reached skill level 1 in Invocations
  5127 | D:9      | Reached skill level 5 in Fighting
  5130 | D:9      | Reached XP level 10. HP: 45/51 MP: 12/12
  5613 | D:8      | Noticed Psyche
  5616 | D:8      | Cast into the Abyss (Psyche)
  5689 | Abyss:1  | Noticed a starcursed mass
  5727 | Abyss:1  | Noticed a wretched star
  5739 | Abyss:1  | Found a radiant altar of Vehumet.
  5739 | Abyss:1  | Noticed a rakshasa
  5751 | Abyss:1  | Noticed an orb spider
  5793 | Abyss:1  | Noticed a spatial maelstrom
  5800 | Abyss:1  | Slain by a spatial maelstrom

Action                   |  1- 3 |  4- 6 |  7- 9 | 10-12 || total
-------------------------+-------+-------+-------+-------++-------
Melee: Unarmed           |    97 |   135 |   277 |    60 ||   569
Invok: Lesser Healing    |       |       |     2 |       ||     2
 Abil: Spit Poison       |       |       |     1 |       ||     1
Evoke: Wand              |       |       |     3 |       ||     3
  Use: Scroll            |     3 |     5 |     3 |     4 ||    15
       Potion            |       |     4 |     3 |       ||     7
  Eat: Chunk             |       |     3 |     9 |     1 ||    13
       Royal jelly       |       |     1 |       |       ||     1
